Map: Oxide LE

Players

Nina - Winner!

  • Race: Protoss Protoss
  • League: Grandmaster

Astrea

  • Race: Protoss Protoss
  • League: Master

Event: DreamHack SC2 Masters 2021 Summer

VOD

Have the link to the VOD?

Description

Time

  • Played on: May 29, 2021, 3:15 p.m.
  • Length: 10:49

All games in this series

Show
View Real Time Build Order
Export as new Build Order

Nina Protoss - Winner!

Build Orders: Phoenix Opening, Blink Stalkers 

Get SALT Encoding   

  12  0:00  Probe  
  13  0:12  Probe  
  14  0:18  Pylon  
  14  0:24  Probe  
  15  0:36  Probe (Chrono Boost)  
  15  0:38  Gateway  
  16  0:48  Probe (Chrono Boost)  
  17  0:52  Probe (Chrono Boost)  
  17  0:54  Assimilator  
  18  1:03  Probe  
  19  1:09  Assimilator  
  19  1:11  Pylon  
  19  1:15  Probe  
  20  1:26  Zealot, Cybernetics Core  
  20  1:29  Probe (Chrono Boost)  
  23  1:39  Probe (Chrono Boost)  
  24  1:44  Probe (Chrono Boost)  
  25  1:55  Probe  
  26  2:04  Nexus  
  26  2:08  Probe  
  27  2:13  Sentry (Chrono Boost)  
  27  2:15  Warp Gate  
  29  2:20  Probe  
  30  2:24  Pylon  
  30  2:32  Probe  
  31  2:41  Stalker  
  31  2:42  Shield Battery  
  33  2:45  Probe  
  33  2:46  Phoenix  
  34  2:57  Probe  
  35  2:59  Gateway  
  35  3:09  Probe (Chrono Boost)  
  35  3:10  Twilight Council  
  36  3:16  Probe (Chrono Boost)  
  37  3:21  Probe (Chrono Boost)  
  37  3:26  Probe (Chrono Boost), Stalker  
  41  3:28  Probe (Chrono Boost)  
  41  3:31  Probe (Chrono Boost)  
  43  3:35  Probe  
  43  3:38  Forge  
  44  3:43  Probe  
  44  3:44  Blink  
  44  3:47  Probe  
  46  3:54  Pylon  
  46  3:55  Probe  
  47  3:59  Probe  
  48  4:04  Pylon, Sentry  
  48  4:05  Stalker  
  48  4:07  Probe  
  53  4:11  Probe  
  53  4:12  Assimilator  
  54  4:19  Pylon  
  54  4:20  Probe  
  55  4:27  Gateway  
  55  4:28  Probe  
  56  4:32  Stalker  
  56  4:35  Protoss Ground Weapons Level 1 (Chrono Boost)  
  59  4:44  Nexus  
  59  4:51  Robotics Facility  
  58  4:55  Stalker x2  
  58  4:59  Gateway  
  62  5:03  Gateway  
  62  5:09  Gateway  
  62  5:16  Probe  
  62  5:19  Gateway  
  62  5:20  Stalker  
  62  5:21  Stalker  
  67  5:25  Probe  
  66  5:30  Probe  
  66  5:32  Pylon  
  66  5:35  Pylon  
  67  5:37  Probe  
  67  5:40  Observer  
  69  5:46  Stalker x2  
  69  5:47  Probe  
  73  5:57  Stalker  
  73  5:58  Pylon  
  73  5:59  Stalker  
  73  6:00  Pylon  
  75  6:06  Stalker  
  75  6:11  Stalker x2  
  81  6:12  Pylon  
  81  6:24  Stalker x3  
  87  6:27  Pylon  
  85  6:37  Warp Prism (Chrono Boost)  
  85  6:39  Sentry  
  86  6:44  Gateway  
  87  6:51  Nexus  
  87  6:54  Pylon  
  87  6:58  Probe, Protoss Ground Weapons Level 2 (Chrono Boost)  
  88  7:03  Probe  
  89  7:11  Stalker x2  
  89  7:13  Probe  
  94  7:16  Assimilator  
  94  7:24  Immortal (Chrono Boost)  
  94  7:28  Probe  
  99  7:30  Probe  
  99  7:32  Photon Cannon  
  99  7:35  Pylon  
  99  7:37  Shield Battery  
  100  7:39  Zealot  
  100  7:41  Probe  
  103  7:45  Stalker  
  103  7:46  Probe  
  106  7:55  Stalker x2  
  110  8:07  Immortal  
  110  8:09  Stalker  
  115  8:14  Probe  
  115  8:17  Stalker x2  
  115  8:19  Probe  
  119  8:20  Probe  
  119  8:26  Probe  
  120  8:30  Photon Cannon  
  120  8:31  Probe  
  120  8:32  Probe  
  120  8:33  Photon Cannon  
  122  8:38  Probe  
  123  8:43  Stalker x2  
  123  8:46  Observer  
  128  8:51  Assimilator x2  
  128  8:52  Robotics Bay  
  128  8:56  Stalker x2  
  132  9:03  Pylon  
  132  9:04  Pylon  
  130  9:17  Stalker  
  130  9:19  Observer, Probe  
  134  9:25  Nexus  
  134  9:26  Robotics Facility  
  132  9:39  Stalker x2  
  132  9:40  Stalker x3  
  132  9:41  Probe  
  132  9:44  Disruptor  
  146  9:51  Stalker x2  
  146  10:04  Stalker x2  
  142  10:08  Adept  
  142  10:09  Stalker x2  
  148  10:19  Adept x2  
  149  10:34  Stalker x4  
  149  10:35  Stalker  
  135  10:46  Stalker x2  
Show
View Real Time Build Order
Export as new Build Order

Astrea Protoss 

Build Orders: Phoenix Opening, Blink Stalkers 

Get SALT Encoding   

  12  0:00  Probe  
  13  0:12  Probe  
  14  0:18  Pylon  
  14  0:24  Probe (Chrono Boost)  
  15  0:37  Probe (Chrono Boost), Gateway  
  16  0:44  Probe (Chrono Boost)  
  16  0:46  Assimilator  
  17  0:51  Probe  
  17  0:55  Assimilator  
  18  1:03  Probe  
  19  1:06  Pylon  
  19  1:15  Probe  
  20  1:25  Cybernetics Core  
  20  1:28  Probe (Chrono Boost)  
  23  1:37  Probe (Chrono Boost)  
  24  1:42  Probe (Chrono Boost)  
  26  1:54  Probe  
  26  1:57  Nexus  
  24  2:05  Sentry (Chrono Boost)  
  24  2:06  Probe  
  27  2:10  Warp Gate  
  27  2:18  Probe  
  27  2:20  Gateway  
  28  2:28  Sentry  
  29  2:30  Probe  
  29  2:32  Phoenix  
  29  2:33  Shield Battery  
  30  2:39  Pylon  
  30  2:42  Probe  
  31  2:53  Twilight Council  
  31  2:57  Probe  
  32  3:06  Sentry  
  32  3:09  Probe x2 (Chrono Boost)  
  36  3:16  Phoenix  
  36  3:19  Probe x2 (Chrono Boost)  
  38  3:22  Forge  
  38  3:24  Probe x2 (Chrono Boost)  
  40  3:35  Blink  
  40  3:36  Probe  
  40  3:37  Probe  
  42  3:48  Probe  
  43  3:49  Probe  
  43  3:51  Protoss Ground Weapons Level 1 (Chrono Boost)  
  44  3:58  Adept  
  44  4:00  Probe  
  44  4:01  Probe, Adept  
  50  4:10  Gateway x2  
  50  4:12  Probe  
  50  4:13  Probe  
  50  4:14  Phoenix  
  50  4:16  Pylon  
  52  4:24  Pylon  
  52  4:25  Probe  
  52  4:27  Probe  
  52  4:35  Robotics Facility  
  52  4:37  Assimilator  
  52  4:38  Probe  
  52  4:45  Stalker x2  
  57  4:53  Pylon  
  57  4:55  Pylon  
  57  5:07  Nexus, Adept  
  57  5:08  Pylon  
  57  5:09  Phoenix  
  59  5:17  Stalker x3  
  65  5:23  Probe x2  
  65  5:24  Observer (Chrono Boost)  
  68  5:32  Stalker  
  71  5:40  Stalker x2  
  71  5:41  Pylon  
  74  5:44  Stalker  
  71  5:56  Pylon x2  
  71  5:57  Pylon x2, Immortal (Chrono Boost)  
  74  6:04  Stalker  
  74  6:09  Stalker  
  78  6:15  Stalker  
  80  6:18  Phoenix  
  76  6:36  Immortal (Chrono Boost)  
  78  6:41  Probe x2  
  80  6:53  Probe, Phoenix  
  80  6:54  Probe  
  82  6:55  Observer  
  82  6:56  Stalker x4  
  82  7:00  Nexus  
  90  7:02  Protoss Ground Weapons Level 2 (Chrono Boost)  
  90  7:03  Pylon  
  90  7:05  Observer  
  90  7:06  Assimilator  
  90  7:08  Warp Prism  
  92  7:21  Adept x2  
  96  7:37  Stalker x2  
  100  7:44  Stalker x2  
  104  7:52  Probe x2  
  106  7:58  Pylon  
  106  8:05  Observer  
  102  8:06  Stalker x2  
  102  8:07  Probe  
  102  8:11  Probe  
  102  8:12  Stalker x2  
  112  8:15  Probe  
  112  8:18  Observer  
  112  8:19  Probe, Immortal  
  116  8:21  Charge (Chrono Boost)  
  116  8:23  Probe  
  115  8:28  Probe  
  115  8:31  Probe  
  117  8:41  Probe  
  118  8:44  Gateway  
  118  8:45  Gateway  
  118  8:47  Gateway  
  118  8:50  Gateway  
  118  8:53  Pylon  
  118  8:58  Observer  
  118  8:59  Templar Archives  
  118  9:00  Nexus  
  119  9:03  Shield Battery  
  118  9:13  Zealot x3  
  118  9:14  Zealot  
  126  9:20  Probe  
  126  9:21  Probe  
  128  9:24  Observer  
  128  9:25  Pylon  
  120  9:39  Zealot x4  
  120  9:40  Pylon  
  128  9:47  High Templar x2  
  128  9:50  Pylon  
  128  9:51  Archon  
  128  9:52  Pylon  
  126  10:02  Zealot x5  
  118  10:19  Zealot x2  
  108  10:22  High Templar x2  
  108  10:23  Zealot x3  
  108  10:27  Archon  
  100  10:39  Zealot  
  100  10:40  Zealot  
Tags
 
Add a new tag
Caveats
  • Supply blocks, unpowered buildings, or Contaminate may cause inaccurate times.
  • Supply counts are checked every 10 seconds.